 Dungeon Crawl Stone Soup version 0.31.0-9-g3a7656b989 (webtiles) character file.

Game seed: 11683582966081871489

7 Skeral the Firebug (level 2, -2/15 HPs)
             Began as a Gargoyle Fire Elementalist on Jan 25, 2024.
             Slain by a hobgoblin (4 damage)
             ... on level 1 of the Dungeon.
             The game lasted 00:00:56 (158 turns).

Skeral the Firebug (Gargoyle Fire Elementalist)      Turns: 158, Time: 00:00:56

Health: -2/15      AC:  4    Str: 11    XL:     2   Next: 4%
Magic:  0/5        EV: 11    Int: 15    God:
Gold:   10         SH:  0    Dex: 10    Spells: 4/5 levels left

rFire   . . .        (no weapon)
rCold   . . .        (no shield)
rNeg    + . .        a - +0 robe
rPois   ∞            (no helmet)
rElec   +            (no cloak)
rCorr   .            (no gloves)
SInv    .            (no boots)
Will    .....        (no amulet)
Stlth   ++           (no ring)
HPRegen 0.22/turn    (no ring)
MPRegen 0.09/turn

%: no passive effects
@: no status effects
A: sickness immunity, AC +2, negative energy resistance 1, electricity
resistance, torment resistance 1, petrification resistance
a: no special abilities


You were on level 1 of the Dungeon.
You visited 1 branch of the dungeon, and saw 1 of its levels.

You collected 10 gold pieces.


Innate Abilities, Weirdness & Mutations

You are immune to sickness and miasma.
Your stone body is resilient. (AC +2)
You are immune to poison.
You resist negative energy. (rN+)
You are resistant to electric shocks. (rElec)
You are resistant to unholy torment.
You are immune to petrification.


   Skills:
 - Level 1.5 Dodging
 - Level 2.1 Stealth
 + Level 2.2 Spellcasting
 + Level 1.5 Conjurations
 + Level 3.1 Fire Magic


You had 4 spell levels left.
You knew the following spells:

 Your Spells              Type           Power      Damage    Failure   Level
f - Foxfire               Conj/Fire      32%        2x1d5     9%          1

Your spell library contained the following spells:

 Spells                   Type           Power      Damage    Failure   Level
 Scorch                   Fire           22%        2d5       9%          2
 Inner Flame              Hex/Fire       6%         N/A       34%         3
 Volatile Blastmotes      Fire/Tloc      12%        2d11      34%         3
 Flame Wave               Conj/Fire      8%         2d5       63%         4

Inventory:

Armour
 a - a +0 robe (worn)
Potions
 b - a potion of magic

Dungeon Overview and Level Annotations

Branches:
Dungeon (1/15) Zot: 5837

Altars:

. #. ##$ ....
.....#### ......b.##
♣....gh## ♣♣♣.lg@g##
♣♣♣....### ♣♣♣
♣♣♣..†.### ♣♣♣P♣♣♣
♣♣♣♣...# ♣♣.....♣♣♣♣♣
♣♣.♣....#
..♣♣♣♣♣....♣♣♣♣
♣.♣.....# ♣♣♣
♣♣♣♣♣...♣♣ ♣.♣♣♣....#
♣
♣♣.♣♣♣.♣♣♣♣...♣♣...?.
♣♣♣.♣♣
♣♣...♣♣♣.♣♣.....


You could see a gnoll, a jackal, a hobgoblin, a goblin, a bat and a frilled
lizard.


Message History

The jackal moves out of view.
Casting: Foxfire (safe; 9% risk of failure)
Confirm with . or Enter, or press ? or * to list all spells.
You conjure some foxfire!
The jackal barks! x2 😎 MP[-1]
You lost 1 mp, and now have 2/3 mp.
Casting: Foxfire (safe; 9% risk of failure)
Confirm with . or Enter, or press ? or * to list all spells.
You miscast Foxfire.
You are very lightly contaminated with residual magic.
Nothing appears to happen.
The foxfire hits the jackal.
The jackal barely misses you.
The foxfire hits the jackal but does no damage. 😎 MP[-1]
You lost 1 mp, and now have 1/3 mp.
The jackal attacks as it pursues you!
The jackal bites you but does no damage.
The jackal attacks as it pursues you! The jackal bites you. 😕 HP[-1]
You take 1 damage, and now have 9/10 hp.
Casting: Foxfire (safe; 9% risk of failure)
Confirm with . or Enter, or press ? or * to list all spells.
You conjure some foxfire!
The jackal misses you.
The foxfire hits the jackal.
The jackal barely misses you. 😎 HP[+1] MP[-1]
Your hp is fully restored (10).
You lost 1 mp, and now have 0/3 mp.
A hobgoblin comes into view.
The foxfire hits the jackal but does no damage.
You hit the jackal. The jackal bites you. 😕 HP[-1]
You take 1 damage, and now have 9/10 hp.
You hit the jackal but do no damage. The jackal completely misses you.
The jackal barely misses you.
Your magical contamination has completely faded away.
You barely miss the jackal. The jackal closely misses you.
The jackal bites you. x2 😮 HP[-2]
You take 2 damage, and now have 7/10 hp.
You hit the jackal.
You kill the jackal!
The hobgoblin shouts!
You hear an angry hiss.
A bat comes into view.
The jackal closely misses you.
A gnoll comes into view. It is wielding a +0 spear.
The jackal barely misses you.
The jackal bites you but does no damage.
The bat moves out of view. 😕 HP[+1]
Casting: Foxfire (safe; 9% risk of failure)
Confirm with . or Enter, or press ? or * to list all spells.
You don't have enough magic to cast this spell.
You aren't carrying any scrolls.
Unknown command.
You hit the jackal but do no damage. The jackal closely misses you.
The jackal barely misses you.
You hit the jackal.
You kill the jackal!
The jackal bites you but does no damage. x2
You have reached level 2! 😕 HP[+4] MP[+1]
You now have 15 max hp (+5).
You regained 4 hp, and now have 12/15 hp.
Casting: Foxfire (safe; 9% risk of failure)
Confirm with . or Enter, or press ? or * to list all spells.
You conjure some foxfire!
The jackal bites you but does no damage. 😕 MP[-1]
You lost 1 mp, and now have 0/5 mp.
You barely miss the jackal.
The foxfire hits the jackal. x2
The jackal bites you. 😮 HP[-1]
You take 1 damage, and now have 11/15 hp.
You barely miss the jackal.
The jackal bites you but does no damage.
A frilled lizard comes into view.
The jackal bites you but does no damage.
You miss the jackal. The bat hits you but does no damage.
A goblin comes into view. It is wielding a +0 dagger of venom.
The hobgoblin barely misses you. The jackal misses you.
The gnoll barely misses you.
The frilled lizard hisses angrily.
The goblin shouts!
The bat barely misses you. The jackal attacks as it pursues you!
The jackal closely misses you. The hobgoblin completely misses you.
You aren't carrying any scrolls.
The bat closely misses you.
The jackal bites you but does no damage. 😕 HP[+1]
The bat closely misses you. The goblin closely misses you.
The gnoll attacks as it pursues you!
The gnoll hits you from afar with a +0 spear!
* * * LOW HITPOINT WARNING * * *
😨 HP[-7]
You take 7 damage, and now have 5/15 hp.
MASSIVE DAMAGE!! (PAUSE)
The jackal barely misses you. The goblin attacks as it pursues you!
The goblin hits you with a +0 dagger of venom.
* * * LOW HITPOINT WARNING * * *
The gnoll hits you but does no damage. The hobgoblin hits you.
You die...

Action                     || total
---------------------------++-------
  Melee: Unarmed           ||     9
   Cast: Foxfire           ||     8
 Armour: Robe              ||    19
  Dodge: Dodged            ||    21

Levels and vault maps discovered:
D:1:      kilobyte_arrival_exit_the_forest, layout_rooms

Notes
Turn   | Place    | Note
-------+----------+-------------------------------------------
     0 | D:1      | Skeral the Gargoyle Fire Elementalist began the quest for
                  | the Orb.
     0 | D:1      | Reached XP level 1. HP: 10/10 MP: 3/3
     0 | D:1      | magus.rc [v1.10.3]
   151 | D:1      | Reached XP level 2. HP: 12/15 MP: 1/5
   158 | D:1      | HP: 2/15 [goblin/+0 dagger of venom (3)]
   158 | D:1      | Slain by a hobgoblin

Vanquished Creatures
  An endoplasm (D:1)
  A goblin (D:1)
  2 jackals (D:1)
  A quokka (D:1)
  A frilled lizard (D:1)
6 creatures vanquished.

Vanquished Creatures (others)
  15 foxfires (D:1)
15 creatures vanquished.

Grand Total: 21 creatures vanquished

Table legend:
 A = Non-vault XP
 B = Vault XP
 C = Vault XP percentage of total XP
 D = Non-vault monster count
 E = Vault monster count
 F = Vault count percentage of total count
                 A         B        C        D         E       F
            +---------+---------+-------+---------+---------+-------
      Total |      11 |       0 |   0.0 |       6 |       0 |   0.0
            +---------+---------+-------+---------+---------+-------
        D:1 |      11 |       0 |   0.0 |       6 |       0 |   0.0
            +---------+---------+-------+---------+---------+-------

Action                     || total
---------------------------++-------
  Melee: Unarmed           ||     9
   Cast: Foxfire           ||     8
 Armour: Robe              ||    19
  Dodge: Dodged            ||    21

Illustrated notes

Table legend:
 A = Kills in this place as a percentage of kills in the entire game.
 B = Kills by you in this place as a percentage of kills by you in the entire game.
 C = Kills by friends in this place as a percentage of kills by friends in the entire game.
 D = Other kills in this place as a percentage of other kills in the entire game.
 E = Experience gained in this place as a percentage of experience gained in the entire game.
 F = Experience gained in this place divided by the number of levels of this place that you have seen.
                   A       B       C       D       E      F
               +-------+-------+-------+-------+-------+----------------------
         Total | 100.0 | 100.0 |   N/A |   N/A | 100.0 |  11.0
       Dungeon | 100.0 | 100.0 |   N/A |   N/A | 100.0 |  11.0
               +-------+-------+-------+-------+-------+----------------------

Table legend: (Time is in decaauts)
 A = Elapsed time spent in this place.
 B = Non-inter-level travel time spent in this place.
 C = Inter-level travel time spent in this place.
 D = Time resting spent in this place.
 E = Time spent auto-exploring this place.
 F = Levels seen in this place.
 G = Mean time per level.
                   A        B        C        D        E       F      G
               +--------+--------+--------+--------+--------+-----+--------+
         Total |    161 |    161 |      0 |     34 |     57 |   1 |  161.0 |
       Dungeon |    161 |    161 |      0 |     34 |     57 |   1 |  161.0 |
               +--------+--------+--------+--------+--------+-----+--------+

Top non-repeatable levels by time:
     D:1: 161 daAuts
